 Dungeon Crawl Stone Soup version 0.22-a0-565-gfc6459a (webtiles) character file.

5411 galech the Fighter (level 10, -4/111 HPs)
             Began as an Ogre Berserker on June 28, 2018.
             Was an Elder of Trog.
             Slain by an orc warrior
             ... wielding a +0 short sword
              (5 damage)
             ... on level 7 of the Dungeon.
             The game lasted 00:13:01 (8120 turns).

galech the Fighter (Ogre Berserker)                 Turns: 8120, Time: 00:13:02

Health: -4/111     AC: 11    Str: 19    XL:     10   Next: 67%
Magic:  0/10       EV: 12    Int:  8    God:    Trog [****..]
Gold:   454        SH:  0    Dex: 11    Spells: 9/9 levels left

rFire    . . .     SeeInvis .   z - +2 mace (protect)
rCold    . . .     Gourm    .   (no shield)
rNeg     . . .     Faith    .   r - +1 robe of the Constellations {*Contam Regen+ Str-4 Stlth+}
rPois    .         Spirit   +   (helmet restricted)
rElec    .         Reflect  .   p - scarf {Spirit}
rCorr    .         Harm     .   (gloves unavailable)
MR       +....                  (boots unavailable)
Stlth    +++.......             (no amulet)
HPRegen  0.68/turn              y - +2 ring of slaying
MPRegen  0.12/turn              (no ring)

@: protection aura, berserk cooldown, slowed, very slow
A: large, unfitting armour, tough skin 1
a: Berserk, Trog's Hand, Brothers in Arms, Renounce Religion


You were on level 7 of the Dungeon.
You worshipped Trog.
Trog was greatly pleased with you.
You were very hungry.

You visited 1 branch of the dungeon, and saw 8 of its levels.

You collected 454 gold pieces.

Inventory:

Hand Weapons
 a - a +0 mace
 q - the +9 shortbow "Newtslayer" {venom, rPois MP+9}
   (You found it on level 4 of the Dungeon)

   It poisons the ammo it fires.
   It protects you from poison.
   It affects your magic capacity (+9).
 z - a +2 mace of protection (weapon)
Missiles
 u - 130 arrows
Armour
 b - a +0 animal skin
 o - a +0 cloak
 p - a scarf of spirit shield (worn)
 r - the +1 robe of the Constellations (worn) {*Contam Regen+ Str-4 Stlth+}
   (You found it on level 4 of the Dungeon)

   It affects your strength (-4).
   It causes magical contamination when unequipped.
   It increases your rate of regeneration.
   It makes you more stealthy.
 C - a +1 cloak
Jewellery
 y - a +2 ring of slaying (left hand)
Wands
 x - a wand of clouds (8)
Scrolls
 d - 5 scrolls of teleportation {unknown}
 e - 2 scrolls of blinking {unknown}
 f - 7 scrolls of identify {unknown}
 g - 4 scrolls of amnesia {unknown}
 i - a scroll of enchant armour {unknown}
 j - 2 scrolls of magic mapping {unknown}
 k - a scroll of fear {unknown}
 l - 5 scrolls of remove curse {unknown}
 m - 2 scrolls of noise {unknown}
 B - a scroll of enchant weapon {unknown}
 D - a scroll of brand weapon {unknown}
 E - a scroll of acquirement {unknown}
Potions
 h - 2 potions of haste {unknown}
 n - 4 potions of curing {unknown}
 s - 2 potions of berserk rage {unknown}
 t - a potion of invisibility {unknown}
 v - a potion of heal wounds {unknown}
 w - 2 potions of flight {unknown}
 F - a potion of degeneration {unknown}
 G - a potion of brilliance {unknown}
Comestibles
 c - 17 rations
 A - 4 chunks of flesh


   Skills:
 + Level 10.4 Fighting
 + Level 9.4 Maces & Flails
 + Level 3.7 Bows
 + Level 6.5 Dodging
 + Level 3.6 Stealth


You had 9 spell levels left.
You didn't know any spells.
Your spell library was empty.

Dungeon Overview and Level Annotations

Branches:
Dungeon (8/15)             Temple (0/1) D:7
   Lair: D:8-11

Altars:
Ashenzari
Cheibriados
Elyvilon
Fedhas
Okawaru
Qazlal
Ru
Sif Muna
Trog
Yredelemnul

Shops:
D:6 [

Annotations:
D:7 1 runed door, emperorscorpion's ghost, novice CeBe


Innate Abilities, Weirdness & Mutations

You are too large for most types of armour.
You have tough skin. (AC +1)


Message History

You hit the orc warrior.
Your weapon exudes an aura of protection.
The orc warrior is severely wounded.
The howler monkey hoots and howls with incredible vigour!
The orc warrior hits you but does no damage.
You hit the orc warrior but do no damage.
The orc warrior is severely wounded.
You feel sick.
You are no longer poisoned.
The howler monkey hits you but does no damage.
The orc warrior hits you with a short sword!
* * * LOW HITPOINT WARNING * * *
The howler monkey misses you.
You hit the orc warrior.
The orc warrior is severely wounded.
The orc warrior hits you with a short sword!
* * * LOW HITPOINT WARNING * * *
The howler monkey barely misses you.
The orc warrior hits you with a short sword.
You die...

#####..#### ####.##.#..##
#.........## #.......#....
#.###......## ##.##.##.#.###
#.....#.....## #...........†.
.............# #.............
#............### #...#.##.#..##
...............# #...#.##.#....
#.###.......##.#####...#..#####..
#..##...#..###.h@o..>..#### §§#..
##.##.#....###.#####.#.# §D+..
#.##.####.)...#####.#.#### §W#..
#.##.# ###.##...........######.
#<##.# #.##.###########..####
##.##.# #.##.# ###...... ......#
##.##.# ##...####.
##.########...#.# #......##.
#............#.# #......##.


You could see an orc warrior and a howler monkey.

Vanquished Creatures
  2 two-headed ogres (D:8)
  2 slime creatures (D:5)
  A hippogriff (D:7)
  Eustachio (D:4)
  A soldier ant (D:8)
  Duvessa (D:7)
  4 phantoms
  2 centaurs
  5 ogres
  A crocodile (D:7)
  2 bullfrogs
  A big kobold (D:7)
  Dowan (D:7)
  4 scorpions
  5 wights (D:6)
  3 howler monkeys
  A crimson imp (D:7)
  8 jellies
  Crazy Yiuf (D:4)
  A bullfrog zombie (D:7)
  7 orc priests
  2 hounds
  A centaur skeleton (D:8)
  4 orc wizards
  2 iguanas (D:5)
  2 bullfrog skeletons
  6 worker ants
  A killer bee zombie (D:8)
  A hound zombie (D:7)
  16 adders
  A howler monkey skeleton (D:4)
  3 oozes
  2 adder skeletons
  2 worms
  7 leopard geckos
  23 orcs
  A ball python (D:5)
  8 giant cockroaches
  5 goblins
  14 hobgoblins
  2 jackals (D:6)
  5 quokkas
  7 bats
  6 frilled lizards
  A giant cockroach zombie (D:5)
  2 jackal skeletons
  16 kobolds
  A quokka skeleton (D:5)
  7 rats
202 creatures vanquished.

Vanquished Creatures (others)
  8 fungi (D:5)
  4 toadstools (D:5)
12 creatures vanquished.

Grand Total: 214 creatures vanquished

Notes
Turn   | Place    | Note
-------+----------+-------------------------------------------
     0 | D:1      | galech the Ogre Berserker began the quest for the Orb.
     0 | D:1      | Reached XP level 1. HP: 24/24 MP: 1/1
   146 | D:1      | Reached XP level 2. HP: 25/32 MP: 2/2
   616 | D:2      | Reached XP level 3. HP: 37/40 MP: 3/3
   753 | D:2      | Reached ** piety under Trog
   936 | D:2      | Reached XP level 4. HP: 47/49 MP: 4/4
  1260 | D:2      | Found a bloodstained altar of Trog.
  1501 | D:3      | Found an iron altar of Okawaru.
  1538 | D:3      | Reached skill level 5 in Fighting
  1538 | D:3      | Reached XP level 5. HP: 57/57 MP: 5/5
  1811 | D:3      | Found a shattered altar of Ashenzari.
  2739 | D:4      | Reached XP level 6. HP: 33/66 MP: 6/6
  2896 | D:4      | Found a sacrificial altar of Ru.
  2916 | D:4      | Reached *** piety under Trog
  3020 | D:4      | Got a warped shortbow
  3021 | D:4      | Identified the +9 shortbow "Newtslayer" {venom, rPois MP+9} (You found it on level 4 of the Dungeon)
  3091 | D:4      | Got a fine robe
  3102 | D:4      | Identified the +1 robe of the Constellations {*Contam Regen+ Str-4 Stlth+} (You found it on level 4 of the Dungeon)
  3142 | D:4      | Reached skill level 1 in Stealth
  3190 | D:4      | Noticed Eustachio
  3205 | D:4      | Killed Eustachio
  3205 | D:4      | Reached skill level 5 in Maces & Flails
  3205 | D:4      | Reached XP level 7. HP: 74/74 MP: 7/7
  3315 | D:4      | Found a runed door.
  3319 | D:4      | Noticed Crazy Yiuf
  3325 | D:4      | Killed Crazy Yiuf
  3539 | D:4      | Reached skill level 6 in Fighting
  3871 | D:5      | Entered Level 5 of the Dungeon
  4053 | D:5      | Found a deep blue altar of Sif Muna.
  4166 | D:5      | Reached XP level 8. HP: 53/84 MP: 4/8
  4445 | D:5      | Reached skill level 7 in Fighting
  4880 | D:5      | Found a blossoming altar of Fedhas.
  4947 | D:5      | Reached **** piety under Trog
  4991 | D:5      | Noticed a slime creature
  5014 | D:5      | Killed a slime creature
  5014 | D:5      | Reached skill level 1 in Bows
  5047 | D:5      | Noticed a slime creature
  5048 | D:5      | Noticed a slime creature
  5097 | D:5      | Killed a large slime creature
  5097 | D:5      | Reached skill level 8 in Fighting
  5097 | D:5      | Reached XP level 9. HP: 21/96 MP: 1/9
  5476 | D:5      | Reached skill level 5 in Dodging
  6004 | D:6      | Found Fono's Armour Shoppe.
  6053 | D:6      | Received a gift from Trog
  6114 | D:6      | Found a snail-covered altar of Cheibriados.
  6621 | D:6      | Found a white marble altar of Elyvilon.
  7077 | D:7      | Found a deep blue altar of Sif Muna.
  7168 | D:7      | Reached skill level 9 in Fighting
  7197 | D:7      | Found a staircase to the Ecumenical Temple.
  7354 | D:7      | Found a basalt altar of Yredelemnul.
  7369 | D:7      | Received a gift from Trog
  7369 | D:7      | Reached XP level 10. HP: 62/107 MP: 7/10
  7483 | D:7      | Noticed Dowan
  7485 | D:7      | Noticed Duvessa
  7495 | D:7      | Killed Duvessa
  7503 | D:7      | Killed Dowan
  7514 | D:7      | Found a stormy altar of Qazlal.
  7543 | D:7      | Noticed a seven-headed hydra
  7546 | D:7      | Found a runed door.
  7546 | D:7      | Noticed emperorscorpion's ghost (novice CeBe)
  7787 | D:8      | Noticed a two-headed ogre
  7799 | D:8      | Killed a two-headed ogre
  7880 | D:8      | Noticed a two-headed ogre
  7897 | D:8      | Killed a two-headed ogre
  7897 | D:8      | Reached skill level 10 in Fighting
  8095 | D:8      | Received a gift from Trog
  8120 | D:7      | HP: 1/111 [orc warrior/short sword (16)]
  8120 | D:7      | Slain by an orc warrior

Vault maps used:
D:1:      sevenhm_arrival_forest_fort_small_6, minivault_19,
          minmay_statues_item, minmay_octomino_e4
D:2:      lemuel_round_altar
D:3:      minmay_diamond_boxcup, overflow_temple_1_default,
          cheibrodos_ashenzari_chains
D:4:      nicolae_ru_great_annihilating_truth, first_ration, uniq_eustachio,
          uniq_crazy_yiuf_cottage
D:5:      cheibrodos_fertilizer, lemuel_doored_altar, lemuel_blue_sif_altar,
          cheibrodos_sewer_entry_bend, minmay_door_square
D:6:      nicolae_overflow_hidden_temple, old_standard_altar, serial_shops, shop
D:7:      nicolae_overflow_crystal_walls, kennysheep_mini_moat,
          minmay_temple_entry_overgrown, ebering_ghost_inner_flame, basic_altar,
          grunt_ogre_cave, uniq_duvessa

Skill      XL: |  1  2  3  4  5  6  7  8  9 10 |
---------------+-------------------------------+-----
Maces & Flails | 3 4 5 6 8 9 |  9.4
Dodging        | 3 4 5 6 |  6.5
Fighting       | 5 6 8 9 10 | 10.4
Stealth        | 1 2 3 |  3.6
Bows           | 3 |  3.7

Action                   |  1- 3 |  4- 6 |  7- 9 | 10-12 || total
-------------------------+-------+-------+-------+-------++-------
Melee: Mace              |    81 |   154 |   497 |   132 ||   864
 Fire: Shortbow          |       |       |    34 |     3 ||    37
Invok: Berserk           |       |     2 |     8 |     4 ||    14
       Trog's Hand       |       |       |     2 |     1 ||     3
 Stab: Sleeping          |       |     4 |    15 |     1 ||    20
       Paralysed         |       |     1 |       |       ||     1
  Eat: Chunk             |       |     9 |    12 |     6 ||    27
       Ration            |       |       |     3 |       ||     3
Armor: Animal skin       |    31 |    36 |       |       ||    67
       Robe              |       |     2 |   128 |    38 ||   168
Dodge: Dodged            |    61 |    93 |   297 |    75 ||   526

Table legend:
 A = Spawn XP
 B = Non-spawn XP
 C = Spawn XP percentage of total XP
 D = Spawn monster count
 E = Non-spawn monster count
 F = Spawn count percentage of total count
 G = Total turns spent on level
                    A         B        C        D         E        F      G
               +---------+---------+-------+---------+---------+-------+---------
         Total |       0 |    7730 |   0.0 |       0 |     202 |   0.0 |  8120
               +---------+---------+-------+---------+---------+-------+---------
           D:1 |       0 |      29 |   0.0 |       0 |      16 |   0.0 |   611
           D:2 |       0 |      95 |   0.0 |       0 |      20 |   0.0 |   889
           D:3 |       0 |     146 |   0.0 |       0 |      22 |   0.0 |   972
           D:4 |       0 |     720 |   0.0 |       0 |      22 |   0.0 |  1399
           D:5 |       0 |    1679 |   0.0 |       0 |      40 |   0.0 |  1882
           D:6 |       0 |     600 |   0.0 |       0 |      21 |   0.0 |   935
           D:7 |       0 |    1850 |   0.0 |       0 |      41 |   0.0 |  1046
           D:8 |       0 |    2611 |   0.0 |       0 |      20 |   0.0 |   386
               +---------+---------+-------+---------+---------+-------+---------
